 Dungeon Crawl Stone Soup version 0.19.0-20-gbc5f0c6 (webtiles) character file.

17308 Milesaru the Severer (level 12, -2/110 HPs)
             Began as a Minotaur Berserker on Nov 15, 2016.
             Was a High Priest of Trog.
             Slain by an orc high priest
             ... wielding a +0 trident
              (4 damage)
             ... on level 2 of the Orcish Mines on Nov 17, 2016.
             The game lasted 00:41:55 (10878 turns).

Milesaru the Severer (Minotaur Berserker)          Turns: 10878, Time: 00:41:55

Health: -2/110     AC: 21    Str: 28    XL:     12   Next: 17%
Magic:  11/11      EV: 16    Int: 12    God:    Trog [*****.]
Gold:   651        SH:  0    Dex: 14    Spells: 0 memorised, 11 levels left

rFire  + . .     SeeInvis .     y - +11 battleaxe of Crawling {venom, Fragile +Inv Int+4}
rCold  x . .     Gourm    +     H - +6 scale mail of Distant Worlds {Str+5 Int+4}
rNeg   . . .     Faith    .     (shield currently unavailable)
rPois  .         Spirit   .     N - +0 hat
rElec  .         Reflect  .     M - +0 cloak
rCorr  +         Harm     .     K - +0 pair of gloves
MR     ++...                    r - +2 pair of boots
Stlth  ..........               o - amulet of the gourmand
                                k - ring of fire
                                E - ring of resist corrosion

@: exhausted, very slightly contaminated, regenerating
A: retaliatory headbutt, horns 2
a: Berserk, Trog's Hand, Brothers in Arms, Burn Spellbooks, Renounce Religion,
Evoke Invisibility


You were on level 2 of the Orcish Mines.
You worshipped Trog.
Trog was extremely pleased with you.
You were not hungry.

You visited 2 branches of the dungeon, and saw 11 of its levels.
You also visited: Ossuary.

You collected 1037 gold pieces.
You spent 386 gold pieces at shops.

Inventory:

Hand Weapons
 a - a +0 hand axe
 b - a +0 war axe
 y - the +11 battleaxe of Crawling (weapon) {venom, Fragile +Inv Int+4}
   (Trog gifted it to you on level 2 of the Orcish Mines)

   It poisons the flesh of those it strikes.
   It affects your intelligence (+4).
   It lets you turn invisible.
   It will be destroyed if unequipped.
 I - a +0 battleaxe
Missiles
 O - 5 tomahawks of dispersal (quivered)
Armour
 r - a +2 pair of boots (worn)
 H - the +6 scale mail of Distant Worlds (worn) {Str+5 Int+4}
   (You found it on level 7 of the Dungeon)

   It affects your strength (+5).
   It affects your intelligence (+4).
 K - a +0 pair of gloves (worn)
 M - a +0 cloak (worn)
 N - a +0 hat (worn)
Jewellery
 k - a ring of fire (right hand)
 o - an amulet of the gourmand (around neck)
 E - a ring of resist corrosion (left hand)
Wands
 g - a wand of lightning (11/15)
 w - a wand of lightning (6/15)
 F - a wand of flame (24/48)
 S - a wand of digging (15/24)
Scrolls
 e - 3 scrolls of recharging
 f - 3 scrolls of amnesia
 h - 4 scrolls of fear
 i - a scroll of magic mapping
 l - 5 scrolls of teleportation
 n - 2 scrolls of fog
 p - a scroll of random uselessness {unknown}
 q - 3 scrolls of remove curse
 A - a scroll of immolation {unknown}
 C - 4 scrolls of enchant weapon
 D - a scroll of blinking
 Q - a scroll of identify
Potions
 d - 6 potions of lignification
 j - 2 potions of flight
 m - 3 potions of berserk rage {unknown}
 u - a potion of might
 v - a potion of mutation {unknown}
 x - a potion of agility
 B - 2 potions of curing {unknown}
 G - 2 potions of degeneration {unknown}
Books
 t - a Young Poisoner's Handbook

   Spells                             Type                      Level
   a - Sting                          Conjuration/Poison           1
   b - Mephitic Cloud                 Conjuration/Poison/Air       3
   c - Olgreb's Toxic Radiance        Poison                       4
   d - Alistair's Intoxication        Transmutation/Poison         5
   e - Venom Bolt                     Conjuration/Poison           5
   Trog disapproves of the use of such an item.
 R - a Grand Grimoire

   Spells                             Type                      Level
   a - Monstrous Menagerie            Summoning                    7
   b - Summon Greater Demon           Summoning                    7
   c - Malign Gateway                 Summoning/Translocation      7
   d - Summon Horrible Things         Summoning                    8
   Trog disapproves of the use of such an item.
Miscellaneous
 J - a phial of floods
Comestibles
 c - 8 bread rations
 L - a slice of pizza
 P - a meat ration


   Skills:
 + Level 11.4 Fighting
 * Level 15.2 Axes
 + Level 10.9 Armour
 - Level 9.5 Dodging


You had 11 spell levels left.
You didn't know any spells.

Dungeon Overview and Level Annotations

Branches:
Dungeon (9/15)             Temple (0/1) D:6             Orc (2/2) D:9
    Elf (0/3) Orc:2
   Lair: D:8-11

Altars:
Cheibriados
Gozag
Qazlal
Zin
Beogh

Shops:
D:3 *   D:9 *   Orc:2 %(


Innate Abilities, Weirdness & Mutations

You reflexively headbutt those who attack you in melee.
You have a pair of horns on your head.


Message History

Items here: )))))) [[[[[ ÷ †
Items here: ( )) [[ ÷÷÷÷
Things that are here:
a long sword; a plate armour You feel yourself speed up.
Your skin crawls.
You feel resistant to hostile enchantments.
You feel somewhat more hungry.
You're too exhausted to go berserk.
You are too injured to fight recklessly!
The orc high priest calls down the wrath of Beogh upon you.
Beogh smites you!
* * * LOW HITPOINT WARNING * * *
Things that are here:
a long sword; a plate armour You slash the orc high priest!
The orc high priest is poisoned.
You headbutt the orc high priest!
The orc high priest is moderately wounded.
The orc high priest hits you with a trident.
You die...

#####...............
##.##............#
#..#.#..........##
..#.######.....##
.####.##....#'###### .##
##....###.##...# # ..##
#.....##.##...# # ##. ...#
###..###.###'#####.##....#.. ...#
#.###.....@4......##...##..
..####### #.##'##o...#####...#4..
..#..######.#..)#....# ##..##...
..#..'......#...#....+ #...#..o.
..#..#.####.#####4#### #....§3.4
..####.#..#)........(# #........
...8##.)..#.)...####)####.8...8..
....'..#.)#..⌠..#..#.o[))....)...
...8##.####...).#.)'.####)8...8..


You could see an orc high priest, an orange demon and a chaos spawn.

Vanquished Creatures
  Gastronok (Orc:1)
  An orc warlord (Orc:2)
  3 orc knights (Orc:2)
  Pikel (D:6)
  3 orc sorcerers (Orc:2)
  4 trolls
  3 two-headed ogres (Orc:2)
  2 hippogriffs
  A slime creature (D:7)
  Sigmund (D:3)
  A human (D:9)
  4 hogs (D:9)
  Menkaure (D:4)
  3 wargs (Orc:2)
  A water moccasin (D:7)
  2 ice beasts
  3 sky beasts
  A slave (D:6)
  32 orc warriors
  2 phantoms
  3 centaurs
  11 ogres
  2 elf zombies (Ossuary)
  2 bullfrogs
  A wyvern zombie (D:8)
  A wyvern skeleton (D:7)
  A scorpion (D:7)
  6 killer bees (D:9)
  6 wights (D:9)
  2 centaur zombies (Ossuary)
  A quasit (D:8)
  A bullfrog zombie (D:8)
  5 jellies
  8 human zombies (Ossuary)
  27 orc priests
  3 hounds
  A centaur skeleton (D:9)
  21 orc wizards
  4 worker ants
  A hound skeleton (D:4)
  3 mummies (Ossuary)
  7 gnolls
  11 adders
  17 oozes
  3 worms
  3 dart slugs
  4 leopard geckos
  79 orcs
  10 giant cockroaches
  6 goblins
  7 hobgoblins
  10 jackals
  9 kobolds
  6 quokkas
  4 ball pythons
  11 bats
  6 frilled lizards
  A jackal skeleton (D:4)
  A leopard gecko skeleton (D:4)
  9 rats
384 creatures vanquished.

Vanquished Creatures (others)
  A worm (D:2)
  An orc (D:6)
  A kobold (D:2)
  3 fungi (D:7)
6 creatures vanquished.

Grand Total: 390 creatures vanquished

Notes
Turn   | Place    | Note
-------+----------+-------------------------------------------
     0 | D:1      | Milesaru the Minotaur Berserker began the quest for the Orb.
     0 | D:1      | Reached XP level 1. HP: 19/19 MP: 0/0
   200 | D:1      | Reached skill level 4 in Axes
   215 | D:1      | Reached XP level 2. HP: 18/27 MP: 1/1
   494 | D:1      | Reached ** piety under Trog
   760 | D:2      | Reached XP level 3. HP: 33/33 MP: 2/2
  1167 | D:2      | Found an opulent altar of Gozag.
  1289 | D:2      | Reached XP level 4. HP: 38/40 MP: 3/3
  1400 | D:2      | Found a snail-covered altar of Cheibriados.
  1488 | D:2      | Reached skill level 5 in Axes
  1597 | D:2      | Found a stormy altar of Qazlal.
  2036 | D:3      | Found Zin's Purification Station.
  2038 | D:3      | Found a glowing silver altar of Zin.
  2188 | D:3      | Noticed Sigmund
  2201 | D:3      | Killed Sigmund
  2201 | D:3      | Reached skill level 6 in Axes
  2201 | D:3      | Reached XP level 5. HP: 47/47 MP: 4/4
  2201 | D:3      | Reached XP level 6. HP: 53/53 MP: 5/5
  2206 | D:3      | Reached *** piety under Trog
  2739 | D:4      | Reached skill level 5 in Fighting
  2775 | D:4      | Noticed Menkaure
  2780 | D:4      | Killed Menkaure
  2780 | D:4      | Reached skill level 7 in Axes
  2780 | D:4      | Reached XP level 7. HP: 50/61 MP: 6/6
  3128 | D:4      | Reached skill level 5 in Armour
  3383 | D:5      | Entered Level 5 of the Dungeon
  3508 | D:5      | Found a sand-covered staircase.
  3513 | Ossuary  | Entered an ossuary
  3638 | Ossuary  | Reached skill level 8 in Axes
  3841 | Ossuary  | Reached XP level 8. HP: 61/70 MP: 7/7
  3913 | Ossuary  | Reached skill level 5 in Dodging
  4196 | D:5      | Reached **** piety under Trog
  4602 | D:6      | Upgraded the game from 0.19.0-19-g8c6edcc to 0.19.0-20-gbc5f0c6
  4690 | D:6      | Reached skill level 9 in Axes
  4704 | D:6      | Noticed Pikel
  4735 | D:6      | Killed Pikel
  4978 | D:6      | Found a staircase to the Ecumenical Temple.
  5037 | D:6      | Reached XP level 9. HP: 79/79 MP: 8/8
  5294 | D:6      | Reached skill level 10 in Axes
  6238 | D:7      | Got a heavily runed scale mail
  6249 | D:7      | Identified the +6 scale mail of Distant Worlds {Str+5 Int+4} (You found it on level 7 of the Dungeon)
  6398 | D:8      | Reached skill level 11 in Axes
  7057 | D:9      | Reached XP level 10. HP: 74/89 MP: 9/9
  7195 | D:9      | Reached skill level 12 in Axes
  7475 | D:9      | Reached ***** piety under Trog
  7824 | D:9      | Found Dusow's General Store.
  7827 | D:9      | Bought a scroll of blinking for 90 gold pieces
  7827 | D:9      | Bought a scroll of teleportation for 36 gold pieces
  8541 | D:9      | Found a staircase to the Orcish Mines.
  8553 | Orc:1    | Entered Level 1 of the Orcish Mines
  8589 | D:9      | Received a gift from Trog
  8815 | Orc:1    | Noticed Gastronok
  8858 | Orc:1    | Killed Gastronok
  8858 | Orc:1    | Reached skill level 13 in Axes
  8858 | Orc:1    | Reached XP level 11. HP: 65/99 MP: 10/10
  9134 | Orc:2    | Entered Level 2 of the Orcish Mines
  9242 | Orc:2    | Reached skill level 10 in Fighting
  9408 | Orc:2    | Found a roughly hewn altar of Beogh.
  9448 | Orc:2    | Noticed an orc sorcerer
  9448 | Orc:2    | Noticed an orc knight
  9457 | Orc:2    | Killed an orc sorcerer
  9466 | Orc:2    | Killed an orc knight
  9527 | Orc:2    | Noticed an orc knight
  9528 | Orc:2    | Found Kopsegg's Food Emporium.
  9537 | Orc:2    | Reached skill level 14 in Axes
  9537 | Orc:2    | Reached skill level 10 in Armour
  9541 | Orc:2    | Killed an orc knight
  9597 | Orc:2    | Bought a meat ration for 65 gold pieces
  9597 | Orc:2    | Bought a bread ration for 65 gold pieces
  9597 | Orc:2    | Bought a meat ration for 65 gold pieces
  9597 | Orc:2    | Bought a bread ration for 65 gold pieces
  9603 | Orc:2    | Found Wiqeusom's Antique Weapon Shoppe.
  9603 | Orc:2    | Noticed an orc knight
  9616 | Orc:2    | Killed an orc knight
 10147 | Orc:2    | Received a gift from Trog
 10157 | Orc:2    | Got a brightly glowing battleaxe {god gift}
 10158 | Orc:2    | Identified the +11 battleaxe of Crawling {venom, Fragile +Inv Int+4} (Trog gifted it to you on level 2 of the Orcish Mines)
 10365 | Orc:2    | Found a staircase to the Elven Halls.
 10431 | Orc:2    | Noticed an orc sorcerer
 10431 | Orc:2    | Noticed an orc sorcerer
 10436 | Orc:2    | Killed an orc sorcerer
 10444 | Orc:2    | Killed an orc sorcerer
 10532 | Orc:2    | Noticed an orc warlord
 10558 | Orc:2    | Reached XP level 12. HP: 48/110 MP: 11/11
 10835 | Orc:2    | Reached skill level 15 in Axes
 10843 | Orc:2    | Killed an orc warlord
 10856 | Orc:2    | Noticed an orc high priest
 10877 | Orc:2    | HP: 1/110 [orc high priest/divine providence (14)]
 10878 | Orc:2    | Slain by an orc high priest

Skill      XL: |  1  2  3  4  5  6  7  8  9 10 11 12 |
---------------+-------------------------------------+-----
Axes           | 4 6 7 8 9 11 13 14 15 | 15.2
Armour         | 3 4 5 6 8 9 10 | 10.9
Fighting       | 4 5 7 8 9 11 | 11.4
Dodging        | 3 4 5 7 8 9 |  9.5

Action                   |  1- 3 |  4- 6 |  7- 9 | 10-12 || total
-------------------------+-------+-------+-------+-------++-------
Melee: Hand axe          |   111 |   103 |   460 |   308 ||   982
       Headbutt          |    17 |    17 |   105 |   127 ||   266
       War axe           |       |       |       |   140 ||   140
       Battleaxe         |       |       |       |    97 ||    97
Invok: Berserk           |       |     3 |     2 |     5 ||    10
       Trog's Hand       |       |     1 |       |     2 ||     3
       Burn Spellbooks   |       |       |       |     1 ||     1
  Use: Scroll            |       |       |    15 |     3 ||    18
       Potion            |       |       |       |     4 ||     4
 Stab: Sleeping          |     1 |       |       |       ||     1
  Eat: Beef jerky        |     1 |       |     2 |     2 ||     5
       Meat ration       |     1 |       |     3 |     1 ||     5
       Royal jelly       |     1 |       |       |       ||     1
       Pizza             |       |       |       |     6 ||     6
Armor: Animal skin       |    12 |       |       |       ||    12
       Ring mail         |     7 |    14 |       |       ||    21
       Scale mail        |       |    26 |   103 |   147 ||   276
Dodge: Dodged            |    69 |    71 |   197 |   299 ||   636
